 Dungeon Crawl Stone Soup: Circus Animals version 1.7-37-g2c94cca (webtiles) character file.

2359 DarthKuruptios the Firebug (level 11, -5/107 HPs) *STANDARD*
             Began as a Gargoyle Fire Elementalist on Aug 29, 2016.
             Slain by a death yak (12 damage)
             ... led by a torpor snail
             ... on level 2 of the Lair of Beasts on Aug 30, 2016.
             The game lasted 01:24:08 (11888 turns).

DarthKuruptios the Firebug (GrFE)                  Turns: 11888, Time: 01:24:09

Health: -5/107     AC: 12    Str: 11    XL:     11   Next: 15%
Magic:  1/100      EV: 12    Int: 17    God:
Gold:   576        SH:  0    Dex: 16    Spells: 3 memorised, 9 levels left

rFire  . . .     rPois    ∞     h - +0 dagger
rCold  . . .     rElec    +     e - +2 robe
rNeg   + . .     rCorr    .     (no shield) MagicSh . . . SeeInvis .
                                c - +0 helmet StaminaSh . . . Faith .
                                (no cloak) RegenHP +++.......
SustAt .                        l - +0 pair of gloves RegenSP +++....... Dismiss .
                                m - +0 pair of boots RegenMP +++....... Reflect .
                                (no amulet)
MR     .....     Harm     .     n - +3 ring of dexterity
Stlth  ++........               d - ring of wizardry

@: quick, tired, very slightly contaminated, not resistant to hostile
enchantments, unstealthy
A: negative energy resistance 1, electricity resistance, unbreathing,
petrification resistance, rot immunity, AC +7
a: no special abilities


You were on level 2 of the Lair of Beasts.
You were not hungry.

You visited 2 branches of the dungeon, and saw 9 of its levels.

You collected 576 gold pieces.

Inventory:

Hand Weapons
 h - a +0 dagger (weapon)
Armour
 a - a +0 ring mail
 c - a +0 helmet (worn)
 e - a +2 robe (worn)
 l - a +0 pair of gloves (worn)
 m - a +0 pair of boots (worn)
Jewellery
 b - an uncursed ring of ice
 d - a ring of wizardry (left hand)
 f - an uncursed ring of stealth
 k - an uncursed ring of flight
 n - a +3 ring of dexterity (right hand)
 q - an uncursed ring of stealth
 r - an uncursed ring of protection from magic
Wands
 g - a wand of acid (18/30)
 i - a wand of polymorph (7/24)
 j - a wand of random effects (31/48)
 o - a wand of disintegration (17/48)
 p - a wand of lightning (5/15)
Scrolls
 j - 3 scrolls of teleportation
 k - 4 scrolls of fog
 m - 3 scrolls of enchant armour
 o - 2 scrolls of blinking
 s - a scroll of enchant weapon
 t - 4 scrolls of identify
 u - a scroll of remove curse
 v - 3 scrolls of magic mapping
 w - 2 scrolls of fear
Potions
 c - 4 potions of stamina
 d - 4 potions of magic
 e - 3 potions of flight
 f - 5 potions of ambrosia
 g - 4 potions of mutation
 h - 2 potions of haste
 i - a potion of might
 n - a potion of brilliance
 p - 2 potions of curing
Books
 a - a book of Flames

   Spells                             Type                      Level
   a - Flame Tongue                   Fire                         1
   b - Conjure Flame                  Conjuration/Fire             3
   c - Inner Flame                    Hexes/Fire/Time              3
   d - Sticky Flame                   Conjuration/Fire/Time        4
   e - Fireball                       Conjuration/Fire/Light       5
   f - Bolt of Magma                  Conjuration/Fire/Earth       5
 l - a book of Transfigurations

   Spells                             Type                      Level
   a - Irradiate                      Conjuration/Light            5
   b - Statue Form                    Transmutation/Earth/Time     6
   c - Hydra Form                     Transmutation/Air            6
   d - Dragon Form                    Fire/Transmutation           7


   Skills:
 - Level 2.2 Fighting
 - Level 1.3 Short Blades
 * Level 3.0 Dodging
 - Level 2.2 Stealth
 + Level 5.3 Spellcasting
 + Level 5.3 Conjurations
 + Level 5.5 Fire Magic
 + Level 3.5 Earth Magic
 + Level 4.3 Light Magic


You had 9 spell levels left.
You knew the following spells:

 Your Spells              Type           Power        Failure   Level  Hunger
a - Flame Tongue          Fire           #.........   6%          1    ##.....
 b -                      Fireball       Conj/Fire/Light#......... 67%         5    ####...
c - Bolt of Magma         Conj/Fire/Erth #.........   67%         5    ####...


Dungeon Overview and Level Annotations

Branches:
Dungeon (7/7)                Lair (2/7) D:7
 Shoals: Lair:2-6     Snake: Lair:2-6     Swamp: Lair:2-6

Altars:
Ashenzari
Cheibriados
Dithmenos
Fedhas
Nemelex Xobeh
Ru
Xom
Jiyva


Innate Abilities, Weirdness & Mutations

You are resistant to torment.
Your stone body is resilient. (AC +7)
You are immune to poison.
You resist negative energy. (rN+)
You are resistant to electric shocks. (rElec)
You can survive without breathing.
You are immune to petrification.
You are immune to rotting.


Message History

Damage (21) was greater than 30% of your hp (38)!!!
The death yak gores you! (hp-7)
* * * LOW HITPOINT WARNING * * *
Unknown command.
The flame tongue misses the death yak.
The flame tongue hits the plant.
The death yak closely misses you. The death yak gores you!! (hp-18)
* * * LOW HITPOINT WARNING * * *
You are pushing your body beyond it's limits!
The flame tongue misses the death yak.
The flame tongue hits the plant.
The death yak misses you. The death yak gores you! (hp-11)
* * * LOW HITPOINT WARNING * * *
You feel better. The death yak gores you. (hp-5)
* * * LOW HITPOINT WARNING * * *
The plant is engulfed in a cloud of scalding steam.
The death yak gores you. (hp-5)
* * * LOW HITPOINT WARNING * * *
You are pushing your body beyond it's limits!
The flame tongue hits the death yak. (mon hp-1)
The death yak gores you but does no damage.
The death yak gores you! (hp-12)
You die...

.........#....###
# ###..P
####..### #
#.#.#.# ###..###
#...P# ##...#
###P..###
###.......###
#..Y@.......#
#....?......#
#...........#
#.†........#≈#
....P........PPP
...≈≈≈≈...?...≈≈
##.≈PP≈PP.....≈≈≈
#.P≈P≈P≈.....P≈♣
P..PP♣≈≈.....≈≈P


You could see a death yak.

Vanquished Creatures
  15 elephants (Lair:1)
  A torpor snail (Lair:2)
  Joseph (D:7)
  2 spiny frogs (Lair:2)
  2 komodo dragons
  Grinder (D:5)
  4 blink frogs (Lair:1)
  A spriggan (Lair:1)
  6 yaks (Lair:2)
  4 hippogriffs
  A basilisk (Lair:1)
  A black bear (D:6)
  A phantom (D:5)
  2 porcupines
  3 sky beasts
  2 ice beasts (D:7)
  A necrophage (D:6)
  4 ogres
  5 crocodiles
  A centaur (D:5)
  9 giant frogs
  3 scorpions
  Jessica (D:3)
  An electric eel (Lair:1)
  A howler monkey (D:7)
  A giant frog zombie (D:5)
  A centaur zombie (D:6)
  7 orc priests
  A crimson imp (D:5)
  2 hounds (D:6)
  2 gnoll shamans
  4 iguanas
  7 worker ants
  7 orc wizards
  A hound skeleton (D:5)
  A howler monkey zombie (D:6)
  A worker ant zombie (D:7)
  3 dart slugs
  11 giant geckos
  An ooze (D:4)
  18 orcs
  10 adders
  9 giant cockroaches
  18 gnolls
  7 goblins
  9 hobgoblins
  12 jackals
  11 kobolds
  A quokka (D:3)
  8 river rats (Lair:1)
  A shadow imp (D:5)
  3 worms
  2 adder skeletons
  A ball python (D:2)
  18 bats
  14 giant newts
  A jackal skeleton (D:7)
  2 quokka skeletons
  2 quokka zombies
  7 rats
  A plant (Lair:1)
278 creatures vanquished.

Vanquished Creatures (others)
  An orc (D:3)
  15 fungi (Lair:1)
  5 plants
21 creatures vanquished.

Grand Total: 299 creatures vanquished

Notes
Turn   | Place    | Note
-------+----------+-------------------------------------------
     0 | D:1      | DarthKuruptios the Gargoyle Fire Elementalist began the quest for the Orb.
     0 | D:1      | Reached XP level 1. HP: 27/27 MP: 100/100
   129 | D:1      | Reached XP level 2. HP: 31/35 MP: 71/100
   194 | D:1      | Reached XP level 3. HP: 43/43 MP: 85/100
   742 | D:2      | Reached XP level 4. HP: 51/51 MP: 85/100
   942 | D:2      | Found a sacrificial altar of Ru.
  1490 | D:3      | Found a snail-covered altar of Cheibriados.
  1511 | D:3      | Noticed Jessica
  1515 | D:3      | Killed Jessica
  1801 | D:3      | Reached XP level 5. HP: 34/59 MP: 11/100
  1808 | D:3      | Learned a level 5 spell: Fireball
  2942 | D:4      | Reached skill level 1 in Fighting
  3377 | D:5      | Entered Level 5 of the Dungeon
  3386 | D:5      | Found a shattered altar of Ashenzari.
  3446 | D:5      | Reached skill level 1 in Light Magic
  3468 | D:5      | Reached XP level 6. HP: 59/67 MP: 34/100
  4016 | D:5      | Noticed Grinder
  4020 | D:5      | Paralysed by Grinder for 7 turns
  4029 | D:5      | Paralysed by Grinder for 6 turns
  4038 | D:5      | Killed Grinder
  4427 | D:5      | Found a sparkling altar of Nemelex Xobeh.
  4496 | D:5      | Found a viscous altar of Jiyva.
  4499 | D:5      | Found a faded altar of an unknown god.
  4609 | D:5      | Found a shimmering altar of Xom.
  4609 | D:5      | Found a shimmering altar of Xom.
  4835 | D:6      | Reached XP level 7. HP: 61/75 MP: 62/100
  4952 | D:6      | Found a shadowy altar of Dithmenos.
  4965 | D:6      | Found a blossoming altar of Fedhas.
  5059 | D:6      | Reached skill level 1 in Short Blades
  8278 | D:7      | Entered Level 7 of the Dungeon
  8437 | D:7      | Reached XP level 8. HP: 76/83 MP: 63/100
  8728 | D:7      | Found a staircase to the Lair.
  8729 | D:7      | Noticed a komodo dragon
  8759 | D:7      | Killed a komodo dragon
  8847 | D:7      | Noticed Joseph
  8861 | D:7      | Killed Joseph
  8968 | Lair:1   | Entered Level 1 of the Lair of Beasts
  9040 | Lair:1   | Reached XP level 9. HP: 79/91 MP: 63/100
  9051 | Lair:1   | Noticed an elephant
  9052 | Lair:1   | Noticed an elephant
  9058 | Lair:1   | Noticed an elephant
  9080 | Lair:1   | Killed an elephant
  9107 | Lair:1   | Killed an elephant
  9127 | Lair:1   | Killed an elephant
  9158 | Lair:1   | Learned a level 5 spell: Bolt of Magma
  9540 | Lair:1   | Noticed an elephant
  9563 | Lair:1   | Killed an elephant
  9736 | Lair:1   | Noticed an elephant
  9748 | Lair:1   | Killed an elephant
  9748 | Lair:1   | Reached skill level 1 in Earth Magic
  9759 | Lair:1   | Noticed an elephant
  9791 | Lair:1   | Killed an elephant
  9816 | Lair:1   | Noticed an elephant
  9818 | Lair:1   | Noticed an elephant
  9862 | Lair:1   | Killed an elephant
  9862 | Lair:1   | Reached XP level 10. HP: 65/99 MP: 1/100
 10378 | Lair:1   | Noticed a dire elephant
 10636 | Lair:1   | Reached skill level 5 in Spellcasting
 10686 | Lair:1   | Reached skill level 5 in Fire Magic
 10706 | Lair:1   | Reached skill level 5 in Conjurations
 11536 | Lair:2   | Reached XP level 11. HP: 37/107 MP: 0/100
 11870 | Lair:2   | Noticed a death yak
 11882 | Lair:2   | HP: 3/107 [death yak[a torpor snail] (11)]
 11888 | Lair:2   | Slain by a death yak

Skill      XL: |  1  2  3  4  5  6  7  8  9 10 11 |
---------------+----------------------------------+-----
Stealth        | 2 |  2.2
Spellcasting   | 3 4 5 |  5.3
Fighting       | 1 2 |  2.2
Light Magic    | 1 2 3 4 |  4.3
Conjurations   | 2 3 4 5 |  5.3
Short Blades   | 1 |  1.3
Fire Magic     | 4 5 |  5.5
Earth Magic    | 1 3 |  3.5
Dodging        | 3 |  3.0

Action                   |  1- 3 |  4- 6 |  7- 9 | 10-12 || total
-------------------------+-------+-------+-------+-------++-------
Melee: Dagger            |       |   143 |   608 |     3 ||   754
       Unarmed           |       |     2 |       |       ||     2
Throw: Stone             |       |       |     1 |       ||     1
 Cast: Flame Tongue      |    63 |   222 |   287 |    52 ||   624
       Fireball          |       |       |    13 |     4 ||    17
       Bolt of Magma     |       |       |    17 |    45 ||    62
 Abil: Evoke Flight      |       |       |     1 |       ||     1
  Use: Scroll            |     2 |    10 |     5 |     1 ||    18
       Potion            |       |    11 |    11 |     4 ||    26
Armor: Robe              |    15 |    98 |   373 |    44 ||   530
Dodge: Dodged            |    26 |   180 |   758 |   127 ||  1091
